 Dungeon Crawl Stone Soup version 0.18.1-2-ga659475 (webtiles) character file.

5605 EndlessMike the Destroyer (level 10, -2/50 HPs)
             Began as a Tengu Conjurer on May 7, 2016.
             Was a Priest of Vehumet.
             Slain by an orc
             ... wielding a +0 trident
              (5 damage)
             ... on level 9 of the Dungeon.
             The game lasted 00:28:08 (10158 turns).

EndlessMike the Destroyer (Tengu Conjurer)         Turns: 10158, Time: 00:28:09

Health: -2/50      AC:  4    Str:  6    XL:     10   Next: 73%
Magic:  11/23      EV: 13    Int: 19    God:    Vehumet [***...]
Gold:   439        SH:  0    Dex: 19    Spells: 4 memorised, 14 levels left

rFire  . . .     SeeInvis .     a - +10 falchion of Inflation {flame, rN+ Str-3 Dex+2}
rCold  . . .     Gourm    .     Q - +1 robe {MR+}
rNeg   + + .     Faith    .     (no shield)
rPois  .         Spirit   .     (helmet restricted)
rElec  .         Dismiss  .     k - +0 cloak
rCorr  .         Reflect  .     (no gloves)
SustAt .         Harm     .     (boots unavailable)
MR     +....                    (no amulet)
Stlth  ++........               M - ring of positive energy
                                p - +3 ring of intelligence

@: somewhat resistant to hostile enchantments, unstealthy
A: beak, talons 3, able to fly 1
a: Fly, Renounce Religion


You were on level 9 of the Dungeon.
You worshipped Vehumet.
Vehumet was most pleased with you.
You were hungry.

You visited 2 branches of the dungeon, and saw 10 of its levels.
You also visited: Sewer.

You collected 439 gold pieces.

Inventory:

Hand Weapons
 a - the +10 falchion of Inflation (weapon) {flame, rN+ Str-3 Dex+2}
   (You took it off an orc priest on level 8 of the Dungeon)

   It has been specially enchanted to burn those struck by it, causing extra
   injury to most foes and up to half again as much damage against particularly
   susceptible opponents.
   Big, fiery blades are also staple armaments of hydra-hunters.
   It affects your strength (-3).
   It affects your dexterity (+2).
   It protects you from negative energy.
Missiles
 j - 32 poisoned needles
Armour
 k - a +0 cloak (worn)
 Q - a +1 robe of magic resistance (worn)
Jewellery
 p - a +3 ring of intelligence (left hand)
 M - a ring of positive energy (right hand)
Wands
 f - a wand of polymorph (7/24)
 o - a wand of polymorph (8/24)
 B - a wand of polymorph (14/24)
 D - a wand of random effects (16/48)
 H - a wand of random effects (16/48)
 K - a wand of flame (20/48)
 N - a wand of paralysis (6/24)
 P - a wand of lightning (5/15)
Scrolls
 i - 3 scrolls of blinking
 n - 6 scrolls of remove curse
 u - 2 scrolls of noise {unknown}
 v - 2 scrolls of magic mapping
 w - a scroll of immolation {unknown}
 y - 2 scrolls of teleportation
 A - 2 scrolls of fog
 J - a scroll of recharging {unknown}
 L - a scroll of enchant armour {unknown}
Potions
 e - a potion of might {unknown}
 g - 3 potions of flight
 m - a potion of haste
 q - a potion of resistance
 r - 2 potions of lignification
 s - a potion of curing
 t - a potion of degeneration {unknown}
 x - 3 potions of heal wounds
 I - a potion of ambrosia {unknown}
Books
 b - a book of Conjurations

   Spells                             Type                      Level
   a - Magic Dart                     Conjuration                  1
   b - Searing Ray                    Conjuration                  2
   c - Dazzling Spray                 Conjuration/Hexes            3
   d - Fulminant Prism                Conjuration/Hexes            4
   e - Iskenderun's Mystic Blast      Conjuration                  4
   f - Iskenderun's Battlesphere      Conjuration/Charms           5
 C - a Grand Grimoire

   Spells                             Type                      Level
   a - Monstrous Menagerie            Summoning                    7
   b - Summon Greater Demon           Summoning                    7
   c - Malign Gateway                 Summoning/Translocation      7
   d - Summon Horrible Things         Summoning                    8
 E - a Fen Folio

   Spells                             Type                      Level
   a - Corpse Rot                     Necromancy                   2
   b - Stone Arrow                    Conjuration/Earth            3
   c - Leda's Liquefaction            Hexes/Earth                  4
   d - Summon Forest                  Summoning/Translocation      5
   e - Hydra Form                     Transmutation                6
   f - Summon Hydra                   Summoning                    7
 F - a book of Beasts

   Spells                             Type                      Level
   a - Summon Butterflies             Summoning                    1
   b - Call Canine Familiar           Summoning                    3
   c - Summon Ice Beast               Ice/Summoning                4
   d - Summon Mana Viper              Hexes/Summoning              5
   e - Summon Hydra                   Summoning                    7
 O - a book of Debilitation

   Spells                             Type                      Level
   a - Corona                         Hexes                        1
   b - Slow                           Hexes                        2
   c - Gell's Gravitas                Hexes/Translocation          3
   d - Inner Flame                    Hexes/Fire                   3
   e - Cause Fear                     Hexes                        4
   f - Leda's Liquefaction            Hexes/Earth                  4
Comestibles
 c - 8 bread rations
 d - 10 fruits
 h - 6 meat rations
 z - 4 beef jerkies
 G - 7 slices of pizza


   Skills:
 - Level 2.1 Dodging
 - Level 2.0 Stealth
 + Level 8.5 Spellcasting
 + Level 13.9 Conjurations
 + Level 6.2 Charms


You had 14 spell levels left.
You knew the following spells:

 Your Spells              Type           Power        Failure   Level  Hunger
c - Searing Ray           Conj           ######       1%          2    None
r - Iskenderun's Mystic   Conj           ######..     1%          4    ###....
w - Iskenderun's Battles  Conj/Chrm      #####...     1%          5    #####..
z - Magic Dart            Conj           ####         1%          1    None


Dungeon Overview and Level Annotations

Branches:
Dungeon (9/15)             Temple (1/1) D:4            Lair (0/8) D:8
    Orc: D:9-12

Altars:
Ashenzari
Cheibriados
Dithmenos
Elyvilon
Fedhas
Gozag
Makhleb
Nemelex Xobeh
Okawaru
Pakellas
Ru
Sif Muna
Trog
Vehumet
Xom
Yredelemnul
Zin
The Shining One

Shops:
D:8 :   D:9 }

Annotations:
D:7 exclusion: oklob plant


Innate Abilities, Weirdness & Mutations

You have a beak for a mouth.
You have claws for feet.
You can fly.


Message History

Your battlesphere is destroyed!
The hound skeleton bites you but does no damage.
There is a stone staircase leading up here.
The hound skeleton bites you but does no damage.
The hound skeleton bites you but does no damage.
You see here a chain mail.
The hound skeleton misses you.
Casting: Iskenderun's Battlesphere
Confirm with . or Enter, or press ? or * to list all spells.
Aiming: Magic Dart
Press: ? - help, Shift-Dir - straight line, f - hound skeleton
Aim: a hound skeleton The magic dart hits the hound skeleton.
The hound skeleton barely misses you. The orc misses you.
The hound skeleton closely misses you. The orc hits you with a trident!
* * * LOW HITPOINT WARNING * * *
The quokka bites you.
* * * LOW HITPOINT WARNING * * *
The orc hits you from afar with a trident.
You die...

######.#### #.#.#
###....####.#.#
#######..####....[o.#
#........##.##..###.#
#.######.#...#..# #.#
#.#∩_.'.o###.#
#.#...#..o.<.#
...#####.##.##..Zr###
....).†..####..#@##
...#####.....###.#
#.##.## #.# #.##.#
#.# #.##.# #.# #.##.#
#.# #.##.# #.# ......
..# ..Z..#


You could see an orc warrior, an orc, a quokka and a hound skeleton.

Vanquished Creatures
  Pikel (D:7)
  A griffon (D:8)
  Maurice (D:8)
  A two-headed ogre (D:8)
  A blink frog (D:8)
  A basilisk (D:8)
  A human (D:8)
  Duvessa (D:5)
  An eye of draining (D:8)
  2 orc warriors
  3 phantoms
  An ice beast (D:8)
  3 sky beasts
  A wasp (D:7)
  A necrophage (D:8)
  An ogre (D:6)
  A centaur (D:6)
  A crocodile (D:8)
  2 big kobolds
  4 giant frogs
  2 scorpions
  Dowan (D:5)
  8 wights
  4 howler monkeys
  3 crimson imps
  3 giant frog zombies
  A gnoll shaman (D:8)
  3 orc priests
  A giant frog skeleton (D:5)
  5 orc wizards
  3 hounds
  A jelly (D:8)
  Jessica (D:3)
  6 iguanas
  6 worker ants
  4 sheep (D:8)
  A hound skeleton (D:5)
  A worker ant zombie (D:8)
  3 gnolls (D:8)
  14 adders
  2 river rats (Sewer)
  A shadow imp (D:8)
  2 oozes
  An adder zombie (D:8)
  3 worms
  2 dart slugs
  4 giant geckos
  28 orcs
  6 bats
  7 giant cockroaches
  7 hobgoblins
  12 jackals
  12 kobolds
  2 ball pythons (D:4)
  3 giant gecko skeletons
  7 giant newts
  9 goblins
  A quokka skeleton (D:6)
  10 rats
219 creatures vanquished.

Vanquished Creatures (others)
  A slave (D:7)
  A centaur (D:7)
  An orc priest (D:7)
  An orc wizard (D:7)
  An orc (D:7)
5 creatures vanquished.

Grand Total: 224 creatures vanquished

Notes
Turn   | Place    | Note
--------------------------------------------------------------
     0 | D:1      | EndlessMike the Tengu Conjurer began the quest for the Orb.
     0 | D:1      | Reached XP level 1. HP: 10/10 MP: 4/4
   185 | D:1      | Reached XP level 2. HP: 15/15 MP: 0/6
   693 | D:1      | Reached skill level 6 in Conjurations
   972 | D:2      | Found a shimmering altar of Xom.
   974 | D:2      | Found a shimmering altar of Xom.
   976 | D:2      | Found a shimmering altar of Xom.
   978 | D:2      | Found a shimmering altar of Xom.
  1003 | D:2      | Reached XP level 3. HP: 19/19 MP: 5/7
  1099 | D:2      | Learned a level 2 spell: Searing Ray
  1434 | D:2      | Reached XP level 4. HP: 21/24 MP: 1/9
  1783 | D:2      | Reached skill level 7 in Conjurations
  2095 | D:3      | Noticed Jessica
  2100 | D:3      | Killed Jessica
  2100 | D:3      | Gained mutation: You can fly. [Tengu growth]
  2100 | D:3      | Reached XP level 5. HP: 28/28 MP: 5/10
  2378 | D:3      | Found a glowing drain.
  2383 | Sewer    | Entered a sewer
  2490 | Sewer    | Learned a level 4 spell: Iskenderun's Mystic Blast
  2526 | Sewer    | Noticed a big kobold
  2544 | Sewer    | Killed a big kobold
  2544 | Sewer    | Reached skill level 8 in Conjurations
  2544 | Sewer    | Reached XP level 6. HP: 23/32 MP: 0/12
  2656 | Sewer    | Found a white marble altar of Elyvilon.
  3453 | D:4      | Found an iron altar of Okawaru.
  3518 | D:4      | Reached skill level 9 in Conjurations
  3683 | D:4      | Found a staircase to the Ecumenical Temple.
  3690 | D:4      | Reached XP level 7. HP: 36/36 MP: 6/14
  3703 | Temple   | Entered the Ecumenical Temple
  3757 | Temple   | Became a worshipper of Vehumet
  4207 | D:5      | Entered Level 5 of the Dungeon
  4220 | D:5      | Noticed Dowan
  4225 | D:5      | Noticed Duvessa
  4225 | D:5      | Killed Dowan
  4225 | D:5      | Reached skill level 10 in Conjurations
  4424 | D:5      | Killed Duvessa
  4757 | D:5      | Reached XP level 8. HP: 23/41 MP: 4/16
  4847 | D:5      | Learned a level 5 spell: Iskenderun's Battlesphere
  4972 | D:5      | Reached * piety under Vehumet
  4972 | D:5      | Offered knowledge of Sting by Vehumet.
  4992 | D:5      | Found a burning altar of Makhleb.
  5365 | D:6      | Reached skill level 5 in Spellcasting
  5365 | D:6      | Reached skill level 11 in Conjurations
  5365 | D:6      | Reached skill level 1 in Charms
  5547 | D:6      | Found an opulent altar of Gozag.
  5547 | D:6      | Found a glowing silver altar of Zin.
  5716 | D:6      | Found a shadowy altar of Dithmenos.
  6416 | D:7      | Found a blossoming altar of Fedhas.
  6435 | D:7      | Noticed an oklob plant
  6560 | D:7      | Found a shattered altar of Ashenzari.
  6601 | D:7      | Noticed Pikel
  6634 | D:7      | Killed Pikel
  6634 | D:7      | Reached skill level 12 in Conjurations
  6634 | D:7      | Reached XP level 9. HP: 13/45 MP: 1/19
  6964 | D:7      | Found a basalt altar of Yredelemnul.
  7134 | D:7      | Reached ** piety under Vehumet
  7262 | D:7      | Offered knowledge of Throw Frost by Vehumet.
  7510 | D:8      | Found Milamura's Book Shop.
  7949 | D:8      | Found a shimmering altar of Xom.
  8281 | D:8      | Noticed Maurice
  8427 | D:8      | Killed Maurice
  8427 | D:8      | Reached skill level 13 in Conjurations
  8427 | D:8      | Reached skill level 5 in Charms
  8427 | D:8      | Reached XP level 10. HP: 50/50 MP: 10/22
  8483 | D:8      | Found a staircase to the Lair.
  8497 | D:8      | Offered knowledge of Throw Flame by Vehumet.
  8838 | D:8      | Got a polished falchion {flame}
  8841 | D:8      | Reached *** piety under Vehumet
  8842 | D:8      | Identified the +10 falchion of Inflation {flame, rN+ Str-3 Dex+2} (You took it off an orc priest on level 8 of the Dungeon)
  9014 | D:8      | Noticed a griffon
  9021 | D:8      | Killed a griffon
  9832 | D:9      | Found an oddly glowing altar of Pakellas.
  9832 | D:9      | Found Pakellas's Prime Provisions.
 10158 | D:9      | Slain by an orc

Skill      XL: |  1  2  3  4  5  6  7  8  9 10 |
---------------+-------------------------------+-----
Conjurations   | 6 7 8 9 10 12 13 | 13.9
Spellcasting   | 3 4 6 7 8 |  8.5
Charms         | 3 5 6 |  6.2
Dodging        | |  2.1
Stealth        | |  2.0

Action                   |  1- 3 |  4- 6 |  7- 9 | 10-12 || total
-------------------------+-------+-------+-------+-------++-------
Melee: Unarmed           |     3 |       |       |       ||     3
       Peck              |     1 |     3 |     7 |     6 ||    17
       Kick              |     1 |     3 |    12 |     2 ||    18
       Dagger            |       |    20 |    40 |       ||    60
       Falchion          |       |       |       |    22 ||    22
 Cast: Magic Dart        |    65 |   100 |   236 |    56 ||   457
       Searing Ray       |       |     6 |    30 |    11 ||    47
       Iskenderun's Myst |       |     3 |    15 |    14 ||    32
       Iskenderun's Batt |       |       |     3 |     9 ||    12
 Abil: Fly               |       |     1 |       |       ||     1
Evoke: Wand              |       |       |     2 |       ||     2
  Use: Scroll            |       |       |     6 |     4 ||    10
       Potion            |       |       |     2 |       ||     2
  Eat: Chunk             |     2 |     8 |    17 |     7 ||    34
       Fruit             |       |       |       |     2 ||     2
Armor: Robe              |     4 |     7 |    14 |     6 ||    31
       Leather armour    |       |       |    15 |       ||    15
Dodge: Dodged            |     7 |    24 |    81 |    30 ||   142
